[Event "Late-Titled-Tuesday-Blitz-August-29-2023"]
[Site "Chess.com"]
[Date "2023.08.29"]
[Round "8"]
[White "ckgchess"]
[Black "jk13"]
[Result "1-0"]
[WhiteElo "2881"]
[BlackElo "2677"]
[TimeControl "180+1"]
[EndTime "15:26:48 PDT"]
[Termination "ckgchess won by resignation"]

1. e4 e5 2. Nf3 Nc6 3. Bc4 Bc5 4.
c3 Nf6 5. d4 exd4 6. cxd4 Bb4+ 7. Nbd2 d5 8. exd5 Nxd5 9. O-O O-O 10. a3 Be7 11. Re1 Bg4 12. h3 Bh5 13. Ba2 Bf6 14.
Qb3 Nb6 15. d5 Ne7 16. g4 Bg6 17. g5 Nexd5 18. gxf6 Qxf6 19. Ne4 Bxe4 20. Rxe4 Rfe8 21. Bg5 Qf5 22. Rg4 Kh8 23. Rd1 c6 24. Bb1 Qe6 25. Qd3 g6 26. Rh4 Kg8 27. Re1 Qd6 28. Rhe4 Rxe4 29.
Qxe4 Kg7 30. Qh4 Nf6 31. Ne5 Nbd5 32. Ba2 Re8 33. Bxd5 Nxd5 34. Nf3 Rxe1+ 35. Nxe1 Qe5 36. Bh6+ Kg8 37. Qd8+ 1-0

[Event "Late-Titled-Tuesday-Blitz-August-29-2023"]
[Site "Chess.com"]
[Date "2023.08.29"]
[Round "8"]
[White "Walter_White_Poland"]
[Black "MYMChessAcademy"]
[Result "1/2-1/2"]
[WhiteElo "2354"]
[BlackElo "2240"]
[TimeControl "180+1"]
[EndTime "15:26:48 PDT"]
[Termination "Game drawn by repetition"]

1. e4 c5 2. Nf3 d6 3. d4 cxd4 4. Nxd4 Nf6 5. Nc3 a6 6. Bg5 e6 7. f4 Be7 8. Qf3 Qc7 9. O-O-O Nbd7 10. Bd3 h6 11. Bh4 g5 12. fxg5 Ne5 13. Qe2 Nfg4 14. Nf3 Nxf3 15. gxf3 hxg5 16. Bg3 Ne5 17. h4 gxh4 18.
f4 Nxd3+ 19. Rxd3 Bd7 20. Qe1 O-O-O 21. Bxh4 Bc6 22. Bxe7 Rxh1 23. Qxh1 Qxe7 24. Qh6 Rg8 25. Rd1 Rg6 26. Qh8+ Kc7 27. Qd4 Rg4 28. e5 d5 29. Qe3 Qh4 30. Ne2 Rg2 31. b3 Qg4 32. Nd4 Rg3 33. Qd2 Rg2 34. Qe3 Rg3 35. Qd2 Rg2 36. Qe3 1/2-1/2

[Event "Late-Titled-Tuesday-Blitz-August-29-2023"]
[Site "Chess.com"]
[Date "2023.08.29"]
[Round "8"]
[White "HamedWafa4"]
[Black "Akhayan"]
[Result "0-1"]
[WhiteElo "2558"]
[BlackElo "2335"]
[TimeControl "180+1"]
[EndTime "15:26:51 PDT"]
[Termination "Akhayan won on time"]

1. e4 e5 2. Nf3 Nc6 3. Bb5 a6 4.
Ba4 Nf6 5. O-O Be7 6. Re1 b5 7. Bb3 O-O 8. a4 Bb7 9. d3 d5 10. axb5 axb5 11. Rxa8 Bxa8 12. exd5 Nxd5 13. Nxe5 Nd4 14.
c3 Nxb3 15. Qxb3 Bd6 16. Nf3 b4 17. c4 Nf6 18. d4 Ng4 19. h3 Nf6 20. Bg5 h6 21.
Bh4 g5 22. Bg3 Bxg3 23. fxg3 Bxf3 24. Qxf3 Qxd4+ 25. Qf2 Qxf2+ 26. Kxf2 Rd8 27. Re2 Kg7 28. Nd2 Rxd2 29. Rxd2 Ne4+ 30. Ke3 Nxd2 31. Kxd2 Kf6 32.
Kd3 Ke5 33. Ke3 c5 34. g4 f5 35. g3 Ke6 36. gxf5+ Kxf5 37. Kf3 g4+ 38. hxg4+ Kg5 39. b3 Kg6 0-1

[Event "Late-Titled-Tuesday-Blitz-August-29-2023"]
[Site "Chess.com"]
[Date "2023.08.29"]
[Round "8"]
[White "CheckThis4"]
[Black "GMKrikor"]
[Result "0-1"]
[WhiteElo "2659"]
[BlackElo "2879"]
[TimeControl "180+1"]
[EndTime "15:26:52 PDT"]
[Termination "GMKrikor won by checkmate"]

1. e4 e6 2. d4 d5 3. Nd2 c5 4.
Ngf3 cxd4 5. exd5 Qxd5 6. Bc4 Qd7 7. O-O Nc6 8. Nb3 a6 9. Qe2 b5 10. Bd3 Nf6 11. Rd1 Bb7 12. a4 b4 13. Nfxd4 Nxd4 14. Nxd4 Qd5 15. Nf3 Qc6 16. Bf4 Bc5 17. Qf1 Ng4 18. Bg3 O-O-O 19. h3 Nf6 20. Ne5 Qc7 21. Bxa6 Ne4 22. Bxb7+ Kxb7 23. Qb5+ Qb6 24. Nxf7 Rxd1+ 25. Rxd1 Qxb5 26. axb5 Rf8 27. Nd6+ Nxd6 28. Rxd6 Bxd6 29. Bxd6 Rc8 30. Bxb4 Rxc2 31. Bc3 g6 32. Kf1 Kb6 33. Ke1 Kxb5 34. h4 Kc4 35. g4 Kd3 36. h5 Rc1# 0-1

[Event "Late-Titled-Tuesday-Blitz-August-29-2023"]
[Site "Chess.com"]
[Date "2023.08.29"]
[Round "8"]
[White "IMRosen"]
[Black "Valeron87"]
[Result "1-0"]
[WhiteElo "2621"]
[BlackElo "2465"]
[TimeControl "180+1"]
[EndTime "15:26:55 PDT"]
[Termination "IMRosen won on time"]

1. d4 d5 2. Bf4 e6 3. e3 Bd6 4. Bxd6 Qxd6 5. Qg4 g6 6. Nc3 Nf6 7. Qh4 Qe7 8. O-O-O a6 9. f3 Nc6 10. e4 dxe4 11. fxe4 e5 12. Nf3 Bg4 13. dxe5 Nxe5 14. Be2 O-O 15. h3 Bxf3 16. gxf3 Rfe8 17. f4 Nc6 18. e5 Nh5 19. Qxe7 Nxe7 20. Bxh5 gxh5 21.
Ne4 Red8 22. Nf6+ Kh8 23. Nxh5 Nf5 24. Nf6 Ng3 25. Rhe1 Rxd1+ 26. Kxd1 Rd8+ 27. Kc1 Rd4 28. f5 Nxf5 29. Rg1 Rd8 30. c3 Ne3 31. Re1 Ng2 32. Re4 1-0

[Event "Late-Titled-Tuesday-Blitz-August-29-2023"]
[Site "Chess.com"]
[Date "2023.08.29"]
[Round "8"]
[White "Eternauta2400"]
[Black "lefonghua"]
[Result "0-1"]
[WhiteElo "2826"]
[BlackElo "2665"]
[TimeControl "180+1"]
[EndTime "15:27:03 PDT"]
[Termination "lefonghua won by resignation"]

1. c4 Nf6 2. Nc3 g6 3. g3 Bg7 4.
Bg2 O-O 5. d4 d6 6. Nf3 Nc6 7.
O-O a6 8. d5 Na5 9. b3 c5 10.
dxc6 Nxc6 11. Bb2 Rb8 12. Rc1 Be6 13. Qd2 Qa5 14. Rfd1 Rfc8 15. Ng5 Bd7 16. h3 b5 17. cxb5 axb5 18. Nge4 b4 19. Nxf6+ Bxf6 20. Nd5 Bxb2 21. Qxb2 Qd8 22. Rc4 Be6 23. Rh4 Bxd5 24. Bxd5 e6 25.
Bxc6 Rxc6 26. Qd2 Qf6 27. Rxb4 Rxb4 28. Qxb4 Rc2 29. Rd2 Qa1+ 30. Kg2 Qxa2 31. Rxd6 Qa8+ 32. e4 Re2 33. Kf3 Rc2 34. Qd4 Rc8 35. Kg2 h5 36.
h4 Qb8 37. b4 Qb7 38. Rd7 Qb8 39. Qf6 Rf8 40. Qe7 Qc8 41. b5 Qc4 42. Rb7 Qxe4+ 43. Kh2 Qf3 44. Qc5 Qxb7 0-1

[Event "Late-Titled-Tuesday-Blitz-August-29-2023"]
[Site "Chess.com"]
[Date "2023.08.29"]
[Round "8"]
[White "FaustinoOro"]
[Black "komogro"]
[Result "1-0"]
[WhiteElo "2874"]
[BlackElo "2494"]
[TimeControl "180+1"]
[EndTime "15:27:08 PDT"]
[Termination "FaustinoOro won on time"]

1. Nf3 g6 2. e4 Bg7 3. d4 d6 4. Bc4 e6 5. O-O a6 6. Qe2 b5 7. Bb3 Bb7 8. c4 bxc4 9. Bxc4 Nd7 10. Nc3 Ne7 11. Rd1 O-O 12. Bb3 h6 13. Bf4 Nf6 14.
Rac1 Kh7 15. h3 Qb8 16. Bc2 Rd8 17. Bb1 Qa7 18. h4 h5 19. Ng5+ Kg8 20. e5 Nfd5 21. Bg3 Nxc3 22. bxc3 Nf5 23. Bxf5 exf5 24. e6 f6 25. e7 Re8 26. Qe6+ Kh8 27. Nf7+ Kh7 28. Nd8 Raxd8 29. exd8=Q Rxd8 30. Qe7 Qa8 31. d5 Re8 32.
Qd7 Re2 33. c4 Qc8 34. Qxc8 Bxc8 35. c5 Bd7 36. cxd6 cxd6 37. Bxd6 g5 38. hxg5 fxg5 39. Re1 Rxa2 40. Re7 Bb5 41. Be5 1-0

[Event "Late-Titled-Tuesday-Blitz-August-29-2023"]
[Site "Chess.com"]
[Date "2023.08.29"]
[Round "8"]
[White "slidingknight2775"]
[Black "RIPOL"]
[Result "1-0"]
[WhiteElo "2541"]
[BlackElo "2417"]
[TimeControl "180+1"]
[EndTime "15:27:10 PDT"]
[Termination "slidingknight2775 won by checkmate"]

1. d4 Nf6 2. c4 e6 3. Nc3 Bb4 4. e3 O-O 5. Bd2 d5 6. Nf3 b6 7. cxd5 exd5 8. Rc1 Bb7 9. Bd3 a6 10. O-O Bd6 11. Ne5 c5 12. f4 Nc6 13. Ng4 cxd4 14.
Nxf6+ Qxf6 15. Nxd5 Qd8 16. e4 Ne7 17. Nxe7+ Bxe7 18.
Qg4 Rc8 19. Qh3 Rxc1 20. Rxc1 g6 21. Qg3 b5 22. f5 Bh4 23. Qg4 h5 24. Qf4 Re8 25.
a3 Bf6 26. Rf1 Bg7 27. fxg6 Rf8 28. gxf7+ Kh8 29. Qf5 Qh4 30. e5 Qg4 31. Qh7# 1-0

[Event "Late-Titled-Tuesday-Blitz-August-29-2023"]
[Site "Chess.com"]
[Date "2023.08.29"]
[Round "8"]
[White "ilushka"]
[Black "CrushingKings"]
[Result "0-1"]
[WhiteElo "2387"]
[BlackElo "2576"]
[TimeControl "180+1"]
[EndTime "15:27:11 PDT"]
[Termination "CrushingKings won on time"]

1. e4 g6 2. d4 Bg7 3. Nf3 c6 4. c4 d5 5. exd5 cxd5 6. Nc3 Nf6 7. Bg5 dxc4 8. Bxc4 O-O 9. O-O Bg4 10. h3 Bxf3 11.
Qxf3 Nc6 12. Rfd1 Qb6 13. Bxf6 Bxf6 14. Nd5 Qd8 15. Nxf6+ exf6 16. Bd5 Rc8 17. Rac1 Nxd4 18. Qe4 Rxc1 19. Rxc1 Qb6 20. Rd1 Nf5 21. Bb3 Qc7 22. h4 h5 23. Rd5 Rd8 24. Rxf5 gxf5 25. Qxf5 Qc1+ 26. Kh2 Kg7 27. Qxh5 Qf4+ 28. Kg1 Qc1+ 29.
Kh2 Qf4+ 30. Kg1 Rd7 31. g3 Qe4 32. Kh2 Rc7 0-1

[Event "Late-Titled-Tuesday-Blitz-August-29-2023"]
[Site "Chess.com"]
[Date "2023.08.29"]
[Round "8"]
[White "GMG"]
[Black "HansOnTwitch"]
[Result "1/2-1/2"]
[WhiteElo "2780"]
[BlackElo "2986"]
[TimeControl "180+1"]
[EndTime "15:27:13 PDT"]
[Termination "Game drawn by repetition"]

1. d4 Nf6 2. c4 g6 3. Nf3 Bg7 4. g3 O-O 5. Bg2 d6 6. Nc3 Nbd7 7. O-O e5 8. e4 Re8 9. h3 b6 10. Re1 a5 11. Rb1 Bb7 12. d5 Nc5 13. b3 c6 14.
Bf1 cxd5 15. cxd5 Ba6 16. Bxa6 Rxa6 17. Kg2 Qd7 18. Qe2 Rc8 19. Ba3 b5 20. Bxc5 Rxc5 21.
Na4 Rc7 22. Nb2 Ra8 23. Rec1 Rac8 24. Nd3 Rxc1 25. Rxc1 Rxc1 26. Nxc1 Qc7 27. Nd3 Qc3 28. Nfe1 Bh6 29. Nf3 Kg7 30. Nh2 a4 31. bxa4 bxa4 32.
Ng4 Nxg4 33. hxg4 Bd2 34. f4 f6 35. g5 fxg5 36. fxe5 dxe5 37. d6 g4 38. Qxg4 Qxd3 39. Qd7+ Kh6 40. Qh3+ Kg7 41. Qd7+ Kg8 42. Qe8+ Kg7 43.
Qe7+ Kh6 44. Qh4+ Kg7 45. Qe7+ Kh6 46. Qh4+ Kg7 47. Qe7+ 1/2-1/2

[Event "Late-Titled-Tuesday-Blitz-August-29-2023"]
[Site "Chess.com"]
[Date "2023.08.29"]
[Round "8"]
[White "viktorskliarov"]
[Black "Durarbayli"]
[Result "0-1"]
[WhiteElo "2696"]
[BlackElo "2902"]
[TimeControl "180+1"]
[EndTime "15:27:13 PDT"]
[Termination "Durarbayli won by resignation"]

1. e4 e5 2. Nc3 Nc6 3. Bc4 Nf6 4. d3 Bb4 5. Bd2 d6 6. a3 Bxc3 7. Bxc3 Be6 8. Bb5 O-O 9. Bxc6 bxc6 10. Ne2 Nd7 11. O-O f5 12. f4 fxe4 13. dxe4 exf4 14. Nxf4 Bc4 15. Rf2 Qg5 16. b3 Bf7 17. Nh3 Qe7 18.
Qd4 Ne5 19. Raf1 c5 20. Qd2 h6 21. Nf4 Rae8 22. Nd5 Qd8 23. h3 Ng6 24. Nf4 Qg5 25. Nxg6 Qxd2 26. Rxd2 Bxg6 27. Rxf8+ Kxf8 28. e5 dxe5 29. Rd5 Bxc2 30. Rxc5 Bxb3 31. Bxe5 c6 32. Ra5 Bd5 33.
Bd4 Re1+ 34. Kf2 Rc1 35. Rxa7 Rc2+ 36. Ke3 Rxg2 37. a4 g5 38. Bg7+ Ke8 39. Bxh6 c5 40.
Rc7 c4 41. Rc5 Rg3+ 42. Kf2 Rf3+ 43. Ke2 Rf5 44. Bg7 Bf3+ 45. Ke3 Rxc5 46. Bc3 Bg2 0-1

[Event "Late-Titled-Tuesday-Blitz-August-29-2023"]
[Site "Chess.com"]
[Date "2023.08.29"]
[Round "8"]
[White "tarno17"]
[Black "McCarthyStone"]
[Result "0-1"]
[WhiteElo "2174"]
[BlackElo "2442"]
[TimeControl "180+1"]
[EndTime "15:27:13 PDT"]
[Termination "McCarthyStone won by checkmate"]

1. e4 e5 2. Nf3 d6 3. Bc4 g6 4. O-O Bg7 5. d3 Nf6 6. Nc3 O-O 7. Ne2 c6 8. Bb3 Nbd7 9. Ng3 Nc5 10. c3 Nxb3 11. Qxb3 b5 12. h3 Be6 13. Qc2 Qc7 14. d4 a5 15. Be3 Rfe8 16. dxe5 dxe5 17. Rfd1 a4 18. Bc5 Nd7 19. Bd6 Qb6 20. Ng5 h5 21. Nxe6 Rxe6 22. Bb4 Qc7 23. c4 h4 24. Nf1 c5 25.
cxb5 Qb7 26. Bxc5 Rc8 27. Qxa4 Nxc5 28. Qb4 Qxe4 29. Qxe4 Nxe4 30. a4 Rb6 31. Ne3 Bf8 32. Nd5 Rb7 33. b6 Bc5 34. a5 Nxf2 35. Rdc1 Nd3+ 36.
Kh2 Nxc1 37. Rxc1 e4 38. Re1 e3 39. a6 Rxb6 40. Nxb6 Bxb6 41. b4 Rc4 42. b5 Rb4 43. g3 Rb2+ 44. Kh1 hxg3 45. h4 Rh2+ 46. Kg1 e2# 0-1

[Event "Late-Titled-Tuesday-Blitz-August-29-2023"]
[Site "Chess.com"]
[Date "2023.08.29"]
[Round "8"]
[White "rasmussvane"]
[Black "Byniolus"]
[Result "1-0"]
[WhiteElo "2982"]
[BlackElo "2871"]
[TimeControl "180+1"]
[EndTime "15:27:17 PDT"]
[Termination "rasmussvane won by resignation"]

1. Nf3 Nf6 2. g3 d5 3. Bg2 c6 4. O-O Bf5 5. c4 e6 6. Qb3 Qb6 7. d3 Nbd7 8. cxd5 cxd5 9. Nc3 Qxb3 10. axb3 Bb4 11. Nd4 Bg6 12. Nc2 Be7 13. Bf4 O-O 14. Rfc1 a6 15. b4 Rfc8 16. Kf1 Kf8 17. Ke1 h6 18. h3 Ne8 19. Kd1 Bd6 20. Bd2 Nef6 21. g4 Ke7 22. f4 Bh7 23. b5 h5 24. g5 Ne8 25. Nd4 Nc7 26. bxa6 Rxa6 27. Rxa6 Nxa6 28.
Nxd5+ Kd8 29. Rxc8+ Kxc8 30. Nc3 Nac5 31. h4 Bb8 32.
Bf3 Bg6 33. b4 Na6 34. Ne4 e5 35. fxe5 Nxe5 36. Bg2 Nc7 37. Nd6+ Kd7 38. Nxb7 Ne6 39. Nxe6 Kxe6 40. Nc5+ Ke7 41. b5 Ng4 42. Na6 Bg3 43. b6 Nf2+ 44. Kc2 1-0

[Event "Late-Titled-Tuesday-Blitz-August-29-2023"]
[Site "Chess.com"]
[Date "2023.08.29"]
[Round "8"]
[White "dretch"]
[Black "Berardino"]
[Result "1-0"]
[WhiteElo "2898"]
[BlackElo "2683"]
[TimeControl "180+1"]
[EndTime "15:27:19 PDT"]
[Termination "dretch won by resignation"]

1. d4 Nf6 2. c4 g6 3. Nc3 d5 4. Bg5 Ne4 5. Bf4 Nxc3 6. bxc3 Bg7 7. e3 O-O 8. c5 b6 9. cxb6 axb6 10. Nf3 c5 11. Bb5 Ba6 12. a4 Nd7 13. O-O cxd4 14.
cxd4 Nc5 15. Qb1 Ne4 16. Rc1 Bxb5 17. Qxb5 Ra5 18. Qc6 Qa8 19. Qd7 Bf6 20. Bc7 Rc8 21.
Bxb6 Nc3 22. Bxa5 Ne2+ 23. Kh1 Nxc1 24. Be1 Nd3 25. Kg1 Nxe1 26. Nxe1 e5 27. Nf3 exd4 28. Nxd4 Bxd4 29. exd4 Rc4 30. a5 Rxd4 31. h3 Qa6 32.
Qe8+ Kg7 33. Qe5+ Qf6 34. Qxf6+ Kxf6 35. a6 1-0

[Event "Late-Titled-Tuesday-Blitz-August-29-2023"]
[Site "Chess.com"]
[Date "2023.08.29"]
[Round "8"]
[White "Orest_Vovk"]
[Black "ShiroglanTalibov"]
[Result "0-1"]
[WhiteElo "2607"]
[BlackElo "2860"]
[TimeControl "180+1"]
[EndTime "15:27:19 PDT"]
[Termination "ShiroglanTalibov won on time"]

1. e4 c6 2. Nc3 d5 3. Qe2 d4 4. Nd1 e5 5. f4 exf4 6. d3 Bd6 7. e5 Qa5+ 8. Bd2 Qxe5 9. Nf3 Qxe2+ 10. Bxe2 c5 11. Nf2 Nf6 12. O-O-O Nc6 13. Ng5 O-O 14. Nfe4 Nxe4 15. Nxe4 Be7 16. Bxf4 Be6 17. Bf3 Nb4 18.
a3 Nd5 19. Bd6 Bxd6 20. Nxd6 b6 21. Rde1 Rad8 22. Nc4 Rfe8 23. Kd2 f6 24. g3 Kf8 25. Re2 Bf7 26. Rxe8+ Bxe8 27. Bxd5 Rxd5 28. Re1 Kf7 29. b4 Bb5 30. bxc5 bxc5 31. Rb1 Bxc4 32. Rb7+ Kg6 33.
dxc4 Rf5 34. Ke2 Re5+ 35. Kf2 Re3 36. Rxa7 Rc3 37. Ra4 Rxc2+ 38. Kf3 Kf5 39. g4+ Ke5 40. h4 g5 41. h5 f5 42. gxf5 Kxf5 43. Ra7 Rc3+ 44. Ke2 Rxc4 45. Rxh7 Rc2+ 46. Kd1 Rc3 47. Rf7+ Ke4 48. h6 Rxa3 49. h7 Rh3 50. Re7+ Kd3 51. Ke1 c4 52. Kf2 c3 53. Kg2 Rh6 54. Ra7 c2 0-1

[Event "Late-Titled-Tuesday-Blitz-August-29-2023"]
[Site "Chess.com"]
[Date "2023.08.29"]
[Round "8"]
[White "AlexOstrovskiy"]
[Black "Der_Honigdachs"]
[Result "1-0"]
[WhiteElo "2680"]
[BlackElo "2513"]
[TimeControl "180+1"]
[EndTime "15:27:19 PDT"]
[Termination "AlexOstrovskiy won by resignation"]

1. d4 Nf6 2. Bf4 c5 3. dxc5 Qa5+ 4. Nc3 Ne4 5. Qd3 Nxc3 6. Bd2 Qxc5 7. Bxc3 Nc6 8. e4 d6 9. f4 f5 10. Nf3 fxe4 11.
Qxe4 Bf5 12. Qe2 Rc8 13. O-O-O Nb4 14. Qb5+ Qxb5 15. Bxb5+ Kd8 16. Kd2 Nxa2 17. Ba5+ b6 18. Nd4 bxa5 19. Nxf5 Rc5 20. Nd4 Nb4 21. Ne6+ Kc8 22.
Nxc5 dxc5 23. c3 Nd5 24. f5 g6 25. fxg6 hxg6 26. Kc1 e6 27. Bc4 Ne3 28. Bxe6+ Kc7 29. Rd7+ Kb6 30. g3 Bh6 31. Kb1 Re8 32. Bf7 Re4 33. Bxg6 Re6 34. Bf7 Rf6 35. Re1 a4 36. Re7 Ka5 37. Rxa7+ Kb6 38. Re7 Kb5 39. Be8+ Kc4 40.
R7xe3 Bxe3 41. Rxe3 Kb3 42. c4+ Kxc4 43. Bxa4 Kb4 44. Bc2 Rf1+ 45. Ka2 Rf2 46. Rb3+ Kc4 47. Bd3+ Kd4 48. Bb5 Rxh2 49. Rd3+ Ke4 50. Kb3 Rg2 51.
Bc6+ 1-0

[Event "Late-Titled-Tuesday-Blitz-August-29-2023"]
[Site "Chess.com"]
[Date "2023.08.29"]
[Round "8"]
[White "GM_dmitrij"]
[Black "Anton_Demchenko"]
[Result "1-0"]
[WhiteElo "3058"]
[BlackElo "2918"]
[TimeControl "180+1"]
[EndTime "15:27:22 PDT"]
[Termination "GM_dmitrij won on time"]

1. e4 e5 2. Nf3 Nc6 3. Nc3 Nf6 4. a4 a6 5. d4 exd4 6. Nxd4 Bb4 7. Nxc6 bxc6 8.
Bd3 O-O 9. O-O d5 10. Bd2 Rb8 11. Re1 Re8 12. h3 h6 13. exd5 Rxe1+ 14. Qxe1 cxd5 15. Rd1 c5 16. Qe5 Be6 17. Qg3 Nh5 18. Qf3 Nf6 19. Bf4 Ra8 20. Ne2 Qe7 21. Ng3 Ba5 22. Nf5 Bxf5 23. Bxf5 Bc7 24. Bxc7 Qxc7 25. c4 Rd8 26. cxd5 Qe5 27. Bd3 a5 28. Bc4 Qxb2 29.
d6 Qb4 30. Bb5 c4 31. Qc6 c3 32. Qc7 Rf8 33. d7 c2 34. d8=Q 1-0

[Event "Late-Titled-Tuesday-Blitz-August-29-2023"]
[Site "Chess.com"]
[Date "2023.08.29"]
[Round "8"]
[White "Colombiano07"]
[Black "Semetey"]
[Result "1-0"]
[WhiteElo "2468"]
[BlackElo "2585"]
[TimeControl "180+1"]
[EndTime "15:27:23 PDT"]
[Termination "Colombiano07 won on time"]

1. d4 d5 2. c4 e6 3. Nc3 Nf6 4. Nf3 Nbd7 5. Bg5 c6 6. e3 Qa5 7. Bxf6 Nxf6 8. Nd2 Bb4 9. Qc2 O-O 10. Bd3 dxc4 11.
Nxc4 Qc7 12. O-O Be7 13. Rac1 b6 14. Ne4 Bb7 15. Nxf6+ Bxf6 16. Bxh7+ Kh8 17. Be4 Rac8 18. b4 g6 19. Bf3 Kg7 20. Qe4 Rh8 21. g3 Qe7 22. b5 Rc7 23. bxc6 Bxc6 24. Qg4 Bb5 25. Nd2 Bxf1 26. Rxf1 Rc2 27. Ne4 Rxa2 28. Rb1 Rc2 29. Bd1 Rc7 30. Kg2 Rb7 31. h4 b5 32. Ra1 b4 33. Bb3 Rh5 34. Qf3 Rc7 35. Ra6 Rf5 36.
Qe2 Rh5 37. d5 Re5 38. d6 Qd8 39. dxc7 Qxc7 40. Nd6 Rd5 41. Ne8+ 1-0

[Event "Late-Titled-Tuesday-Blitz-August-29-2023"]
[Site "Chess.com"]
[Date "2023.08.29"]
[Round "8"]
[White "DampFalcon"]
[Black "UgarteCesar"]
[Result "1-0"]
[WhiteElo "2372"]
[BlackElo "2258"]
[TimeControl "180+1"]
[EndTime "15:27:25 PDT"]
[Termination "DampFalcon won by checkmate"]

1. e4 c5 2. Nf3 Nc6 3. Bb5 g6 4. Bxc6 dxc6 5. O-O Qc7 6. d3 e5 7.
h3 Nf6 8. Nc3 Nd7 9. Be3 b6 10.
a4 Bg7 11. a5 Rb8 12. Nh2 Kf8 13. f4 exf4 14. Bxf4 Be5 15. Bh6+ Bg7 16. Qd2 Qe5 17. Ng4 Qd4+ 18. Be3 Qd6 19. Rf2 h5 20. Bf4 Ne5 21. Ne3 Be6 22. Raf1 Rd8 23. Bg5 Rd7 24. Qe2 Kg8 25. Bf6 Bxf6 26. Rxf6 Kg7 27. R6f4 Re7 28.
Qf2 h4 29. Qe2 Rh5 30. Kh1 Rg5 31. Qf2 Rg3 32. Rxh4 Rg5 33. Rf4 Rh5 34. Ne2 Qd7 35. Ng3 Rh7 36. Kg1 Kg8 37. axb6 axb6 38. Ra1 b5 39.
Ra8+ Kg7 40. Ngf5+ gxf5 41. exf5 f6 42. fxe6 Qxe6 43.
Qg3+ Kf7 44. Qg8# 1-0

[Event "Late-Titled-Tuesday-Blitz-August-29-2023"]
[Site "Chess.com"]
[Date "2023.08.29"]
[Round "8"]
[White "Mops_2004"]
[Black "h4parah5"]
[Result "1-0"]
[WhiteElo "2784"]
[BlackElo "2945"]
[TimeControl "180+1"]
[EndTime "15:27:26 PDT"]
[Termination "Mops_2004 won by resignation"]

1. Nf3 Nf6 2. g3 c5 3. Bg2 Nc6 4. O-O e5 5. d3 d5 6. e4 d4 7. a4 Be7 8. Na3 Be6 9. Ng5 Bg4 10. f3 Bh5 11. h4 Nd7 12. Nh3 f6 13. Nf2 Bf7 14.
Bh3 O-O 15. Bd2 b6 16. f4 a6 17. h5 h6 18. Bf5 Qe8 19. Qg4 Ra7 20. Bg6 Kh8 21. Nc4 Rb7 22. Qf5 Qd8 23. Bxf7 Rxf7 24. Ng4 exf4 25. gxf4 Rf8 26. Kh1 Qe8 27. Rg1 Qf7 28.
Nxh6 gxh6 29. Rg6 Qh7 30. Qd5 Ndb8 31. f5 Rd7 32. Qe6 Bd8 33. Rxh6 Rg8 34. Rg1 Rxg1+ 35.
Kxg1 Qxh6 36. Bxh6 b5 37. axb5 axb5 38. Nd6 Kh7 39.
Bf4 Re7 40. Qd5 Nd7 41. Qxc6 1-0

[Event "Late-Titled-Tuesday-Blitz-August-29-2023"]
[Site "Chess.com"]
[Date "2023.08.29"]
[Round "8"]
[White "burbur555"]
[Black "TanitoluwaAps116"]
[Result "1-0"]
[WhiteElo "2592"]
[BlackElo "2763"]
[TimeControl "180+1"]
[EndTime "15:27:26 PDT"]
[Termination "burbur555 won on time"]

1. c4 e5 2. g3 Nc6 3. Bg2 g6 4. Nc3 d6 5. e3 Bg7 6. Nge2 Nf6 7. Rb1 Be6 8. d3 d5 9. cxd5 Nxd5 10. O-O O-O 11. a3 Qd7 12. Ne4 Qe7 13. Qc2 Rfd8 14. b4 Rab8 15. Nc5 Bc8 16. Nc3 Nxc3 17. Qxc3 e4 18.
d4 Bf5 19. b5 b6 20. Na6 Na5 21. Nxb8 Rxb8 22. Bd2 h5 23. Rfc1 Rc8 24. Qc2 Nb7 25.
Bb4 Nd6 26. h3 Qd7 27. Qc6 Nxb5 28. Qxd7 Bxd7 29. Bxe4 a5 30. a4 Nxd4 31. exd4 axb4 32. Rxb4 c5 33. dxc5 bxc5 34. Rb7 Bxa4 35. Bd5 Bc6 36. Bxf7+ Kh7 37. Re7 Bb5 38. Re6 Bd4 39. Bxg6+ Kg7 40. Be4 Rf8 41. Rc2 Ba4 42. Ra2 Bb3 43. Ra7+ Kh8 44.
Rh6+ Kg8 45. Rg6+ Kh8 46. Rh6+ Kg8 47. Bh7+ Kh8 48. Bc2+ 1-0

[Event "Late-Titled-Tuesday-Blitz-August-29-2023"]
[Site "Chess.com"]
[Date "2023.08.29"]
[Round "8"]
[White "Laico"]
[Black "MBA_CHESS_2021"]
[Result "0-1"]
[WhiteElo "2398"]
[BlackElo "2295"]
[TimeControl "180+1"]
[EndTime "15:27:26 PDT"]
[Termination "MBA_CHESS_2021 won by checkmate"]

1. e4 e5 2. Nc3 Nc6 3. Bc4 d6 4. d3 Be7 5. f4 exf4 6. Nf3 Ne5 7.
Bb3 g5 8. d4 Nxf3+ 9. Qxf3 Be6 10. Bxe6 fxe6 11. Qh5+ Kd7 12. O-O Qe8 13. Qh3 Qg6 14.
d5 g4 15. dxe6+ Qxe6 16. Qd3 Rf8 17. Bxf4 Kc8 18. Nd5 Bd8 19. Bd2 Nf6 20. Bc3 Rhg8 21.
Qd4 c5 22. Qa4 Nxd5 23. exd5 Qe3+ 24. Kh1 Rxf1+ 25. Rxf1 Rf8 26. Rg1 Bb6 27. Qxg4+ Kb8 28. Qc4 Qf2 29. a4 Qxc2 30. h3 Bd8 31. Re1 Bg5 32. Qg4 h6 33. Qd7 Bf4 34. Rf1 Qe4 35. a5 a6 36. Rf3 Qb1+ 37. Rf1 Qxf1# 0-1

[Event "Late-Titled-Tuesday-Blitz-August-29-2023"]
[Site "Chess.com"]
[Date "2023.08.29"]
[Round "8"]
[White "PNEPaul"]
[Black "MaxLeto"]
[Result "0-1"]
[WhiteElo "1889"]
[BlackElo "2391"]
[TimeControl "180+1"]
[EndTime "15:27:26 PDT"]
[Termination "MaxLeto won on time"]

1. e4 a6 2. d4 b6 3. Nc3 c6 4. Bd3 d6 5. Nge2 e6 6. O-O f6 7. f4 g6 8. Ng3 h6 9. e5 f5 10.
Nce2 d5 11. c3 c5 12. b3 Bb7 13. a4 Nd7 14. Ba3 Ne7 15. b4 c4 16. Bc2 b5 17.
a5 g5 18. Bc1 Ng6 19. Nh5 Be7 20. Ng7+ Kf7 21. Nxf5 exf5 22. Bxf5 Ndf8 23. fxg5 Ke8 24. Nf4 Nh4 25. Ne6 Nxe6 26. Bxe6 hxg5 27. Bf7+ Kd7 28.
Qg4+ Kc7 29. e6 Bc6 30. Bd2 Kb7 31. Rae1 Qd6 32. g3 Raf8 33. gxh4 gxh4 34. Bf4 Qd8 35. Qh3 Be8 36. Bxe8 Qxe8 37. Kh1 Rhg8 0-1

[Event "Late-Titled-Tuesday-Blitz-August-29-2023"]
[Site "Chess.com"]
[Date "2023.08.29"]
[Round "8"]
[White "DanielNaroditsky"]
[Black "enriquetejedor"]
[Result "1-0"]
[WhiteElo "3100"]
[BlackElo "2741"]
[TimeControl "180+1"]
[EndTime "15:27:27 PDT"]
[Termination "DanielNaroditsky won on time"]

1. e4 c5 2. c3 Nf6 3. e5 Nd5 4.
Nf3 Nc6 5. Bc4 Nb6 6. Bb3 d5 7. exd6 Qxd6 8. O-O Be6 9. Bxe6 Qxe6 10. a4 Qd7 11. a5 Nd5 12. a6 b6 13. d4 e6 14. Ne5 Nxe5 15. dxe5 Be7 16. Qg4 O-O-O 17. Na3 h5 18. Qf3 Kb8 19. c4 Nb4 20. Nb5 Nc2 21.
Rb1 g5 22. Be3 g4 23. Qe4 Nb4 24. Rbd1 Qc6 25. Qf4 Rh7 26. Rxd8+ Bxd8 27. Rd1 Be7 28. Nd6 Nxa6 29. Nxf7 Nc7 30. Nd6 Ne8 31. Ne4 Kc7 32.
Nf6 Rf7 33. Qg3 Bxf6 34. exf6+ Kb7 35. Rd8 Nxf6 36. Qb8+ Ka6 37. Rd1 Qa4 38. b3 Qa2 39. Qc8+ Rb7 40. Qc6 Qxb3 41. Ra1+ 1-0

[Event "Late-Titled-Tuesday-Blitz-August-29-2023"]
[Site "Chess.com"]
[Date "2023.08.29"]
[Round "8"]
[White "Cipy77"]
[Black "MusicCityMaster"]
[Result "1-0"]
[WhiteElo "2556"]
[BlackElo "2448"]
[TimeControl "180+1"]
[EndTime "15:27:31 PDT"]
[Termination "Cipy77 won by checkmate"]

1. Nf3 Nf6 2. b3 g6 3. Bb2 Bg7 4. g3 O-O 5. Bg2 d6 6. O-O e5 7. c4 a5 8. Nc3 Nc6 9. d4 Bg4 10.
d5 Ne7 11. Qc2 Nd7 12. e4 Nc5 13. a3 h6 14. b4 Nd7 15. Nd2 Nf6 16. c5 Ne8 17.
Rfc1 f5 18. h3 Bh5 19. Nc4 g5 20. exf5 Nxf5 21. Ne4 Bg6 22. Qd2 a4 23. Re1 Nf6 24. Rac1 Nxe4 25. Bxe4 Qf6 26. cxd6 cxd6 27. Nb6 Rad8 28.
Rc7 h5 29. Nd7 Rxd7 30. Rxd7 g4 31. h4 Nxg3 32. Bxg6 Qxh4 33. Be4 Nxe4 34. Rxe4 Qf6 35. Qe2 Qf5 36. Rxb7 Rc8 37. Rb6 Bh6 38. Rc6 Rf8 39.
Rxd6 Bg5 40. Rxe5 Qb1+ 41. Kg2 h4 42. Rxg5+ Kh7 43. Rh5+ Kg8 44. Qxg4+ Kf7 45. Qe6# 1-0